3L
PHILADELPHIA 1776 BC @ PORTLAND EVERGREENS
07/18/2027
 
TOP OF THE 1ST
Philadelphia 1776 BC batting - Pitching for Portland Evergreens : RHP Antonio Godfrey
Pitching: RHP Antonio Godfrey
Batting: RHB Jesús Orozco 0-0: Ball
1-0: Ball
2-0: Ball
3-0: Called Strike
3-1: Base on Balls
Batting: LHB Manoo Satyavrat 0-0: Called Strike
0-1: Ground out U3 (Groundball, 34)
Jesús Orozco to second
Batting: SHB Jesús Cabañe 0-0: Ball
1-0: Fly out, F7 (Flyball, 78D)
Batting: RHB John Schnatter 0-0: Fly out, F7 (Line Drive, 7)
Top of the 1st over - 0 run(s), 0 hit(s), 0 error(s), 1 left on base; Philadelphia 1776 0 - Portland 0
BOTTOM OF THE 1ST
Portland Evergreens batting - Pitching for Philadelphia 1776 BC : LHP Carlos Sánchez
Pitching: LHP Carlos Sánchez
Batting: RHB Silvio Bonauiti 0-0: Called Strike
0-1: Foul Ball, location: 2F
0-2: Strikes out swinging, 2-3 out at first.
Batting: RHB Raúl Delgado 0-0: Called Strike
0-1: Fly out, F4 (Popup, 4)
Batting: SHB Eddie Ménard 0-0: Called Strike
0-1: Called Strike
0-2: Strikes out swinging
Bottom of the 1st over - 0 run(s), 0 hit(s), 0 error(s), 0 left on base; Philadelphia 1776 0 - Portland 0
TOP OF THE 2ND
Philadelphia 1776 BC batting - Pitching for Portland Evergreens : RHP Antonio Godfrey
Batting: LHB Cliff Aldridge 0-0: Fly out, F8 (Flyball, 8LXD)
Batting: RHB António Granados 0-0: Single, Error in OF, E8, batter to second base
Batting: RHB Dave Morris 0-0: Ball
1-0: Ball
2-0: Ground out 5-3 (Groundball, 5L)
Batting: RHB Fernando Rivera 0-0: Ball
1-0: Called Strike
1-1: Swinging Strike
1-2: Ball
2-2: Ground out 5-3 (Groundball, 5L)
Top of the 2nd over - 0 run(s), 1 hit(s), 1 error(s), 1 left on base; Philadelphia 1776 0 - Portland 0
BOTTOM OF THE 2ND
Portland Evergreens batting - Pitching for Philadelphia 1776 BC : LHP Carlos Sánchez
Batting: LHB John Ennis 0-0: Ball
1-0: Called Strike
1-1: Foul Ball, location: 2F
1-2: Strikes out swinging
Batting: SHB Chris Williamson 0-0: Ball
1-0: Foul Ball, location: 2F
1-1: Ground out 6-3 (Groundball, 6)
Batting: RHB Ty Struck 0-0: Called Strike
0-1: Ball
1-1: Fly out, F9 (Flyball, 9LSF)
Bottom of the 2nd over - 0 run(s), 0 hit(s), 0 error(s), 0 left on base; Philadelphia 1776 0 - Portland 0
TOP OF THE 3RD
Philadelphia 1776 BC batting - Pitching for Portland Evergreens : RHP Antonio Godfrey
Batting: LHB Tony Vega 0-0: Ball
1-0: Foul Ball, location: 2F
1-1: Foul Ball, location: 2F
1-2: Ball
2-2: Ball
3-2: Base on Balls
Batting: RHB Jesús Orozco 0-0: Called Strike
0-1: Ball
Tony Vega steals 2nd base
1-1: Ground out 5-3 (Groundball, 56)
Batting: LHB Manoo Satyavrat 0-0: Intentional Walk
Batting: SHB Jesús Cabañe 0-0: Called Strike
0-1: Ball
1-1: Called Strike
Tony Vega steals 3rd base
Manoo Satyavrat to second
1-2: Foul Ball, location: 2F
1-2: Ball
2-2: DOUBLE (Groundball, 3L)
Tony Vega scores
Manoo Satyavrat scores
Batting: RHB John Schnatter 0-0: Ball
1-0: Ball
2-0: Swinging Strike
2-1: Foul Ball, location: 2F
2-2: Strikes out swinging
Batting: LHB Cliff Aldridge 0-0: Intentional Walk
Batting: RHB António Granados 0-0: Called Strike
0-1: Ball
1-1: SINGLE (Groundball, 4D)
Jesús Cabañe to third
Cliff Aldridge to second
Runner from 3rd tries for Home, SAFE, no throw
Batting: RHB Dave Morris 0-0: Fielders Choice at 2nd, 6-4 (Groundball, 6)
Top of the 3rd over - 3 run(s), 2 hit(s), 0 error(s), 1 left on base; Philadelphia 1776 3 - Portland 0
BOTTOM OF THE 3RD
Portland Evergreens batting - Pitching for Philadelphia 1776 BC : LHP Carlos Sánchez
Batting: RHB Darrell Terwey 0-0: Called Strike
0-1: Swinging Strike
0-2: Ball
1-2: Ball
2-2: SINGLE (Flyball, 78S)
Batting: LHB Joram Nelen 0-0: Swinging Strike
0-1: Foul Ball, location: 2F
0-2: Strikes out swinging
Batting: LHB Gabriel Díaz 0-0: Foul Ball, location: 2F
0-1: Ball
1-1: Foul Ball, location: 2F
1-2: Fielders Choice at 2nd, 4-6 (Groundball, 4)
Batting: RHB Silvio Bonauiti 0-0: Called Strike
Gabriel Díaz steals 2nd base
0-1: Foul Ball, location: 2F
0-2: Foul Ball, location: 2F
0-2: Strikes out looking
Bottom of the 3rd over - 0 run(s), 1 hit(s), 0 error(s), 1 left on base; Philadelphia 1776 3 - Portland 0
TOP OF THE 4TH
Philadelphia 1776 BC batting - Pitching for Portland Evergreens : RHP Antonio Godfrey
Batting: RHB Fernando Rivera 0-0: Called Strike
0-1: SINGLE (Groundball, 6MD)
Batting: LHB Tony Vega 0-0: Fly out, F8 (Line Drive, 8LD)
Batting: RHB Jesús Orozco 0-0: Called Strike
0-1: Ball
1-1: Swinging Strike
Fernando Rivera is caught stealing 2nd base
1-2: Foul Ball, location: 2F
1-2: Ball
2-2: Strikes out swinging
Top of the 4th over - 0 run(s), 1 hit(s), 0 error(s), 0 left on base; Philadelphia 1776 3 - Portland 0
BOTTOM OF THE 4TH
Portland Evergreens batting - Pitching for Philadelphia 1776 BC : LHP Carlos Sánchez
Batting: RHB Raúl Delgado 0-0: Foul Ball, location: 2F
0-1: Foul Ball, location: 2F
0-2: Foul Ball, location: 2F
0-2: SINGLE (Line Drive, 8LS)
Batting: SHB Eddie Ménard 0-0: Fly out, F5 (Line Drive, 56)
Batting: LHB John Ennis 0-0: Ball
1-0: Foul Ball, location: 2F
1-1: Swinging Strike
1-2: Strikes out swinging
Batting: SHB Chris Williamson 0-0: Ball
1-0: Swinging Strike
1-1: Ball
2-1: Fly out, F7 (Flyball, 7D)
Bottom of the 4th over - 0 run(s), 1 hit(s), 0 error(s), 1 left on base; Philadelphia 1776 3 - Portland 0
TOP OF THE 5TH
Philadelphia 1776 BC batting - Pitching for Portland Evergreens : RHP Antonio Godfrey
Batting: LHB Manoo Satyavrat 0-0: Ball
1-0: Ball
2-0: Ball
3-0: Called Strike
3-1: Ground out 4-3 (Groundball, 4)
Batting: SHB Jesús Cabañe 0-0: Ball
1-0: Ball
2-0: Called Strike
2-1: Ball
3-1: Base on Balls
Batting: RHB John Schnatter 0-0: Ball
1-0: Ball
2-0: Swinging Strike
2-1: Ball
3-1: Foul Ball, location: 2F
3-2: Fly out, F9 (Flyball, 89M)
Batting: LHB Cliff Aldridge 0-0: Ball
1-0: Ball
2-0: Ball
Passed Ball!
Jesús Cabañe to second
3-0: Intentional Walk
Batting: RHB António Granados 0-0: Fly out, F9 (Flyball, 9LS)
Top of the 5th over - 0 run(s), 0 hit(s), 0 error(s), 2 left on base; Philadelphia 1776 3 - Portland 0
BOTTOM OF THE 5TH
Portland Evergreens batting - Pitching for Philadelphia 1776 BC : LHP Carlos Sánchez
Batting: RHB Ty Struck 0-0: Called Strike
0-1: Ball
1-1: Ball
2-1: Ground out 6-3 (Groundball, 6S)
Batting: RHB Darrell Terwey 0-0: Ball
1-0: Ball
2-0: Fly out, F8 (Flyball, 8LXD)
Batting: LHB Joram Nelen 0-0: Called Strike
0-1: Ball
1-1: Fly out, F8 (Line Drive, 89M)
Bottom of the 5th over - 0 run(s), 0 hit(s), 0 error(s), 0 left on base; Philadelphia 1776 3 - Portland 0
TOP OF THE 6TH
Philadelphia 1776 BC batting - Pitching for Portland Evergreens : RHP Antonio Godfrey
Batting: RHB Dave Morris 0-0: Ball
1-0: Foul Ball, location: 2F
1-1: Fly out, F8 (Flyball, 8LD)
Batting: RHB Fernando Rivera 0-0: Ball
1-0: Ball
2-0: Ground out 4-3 (Groundball, 4S)
Batting: LHB Tony Vega 0-0: Ball
1-0: Foul Ball, location: 2F
1-1: Fly out, F7 (Flyball, 78S)
Top of the 6th over - 0 run(s), 0 hit(s), 0 error(s), 0 left on base; Philadelphia 1776 3 - Portland 0
BOTTOM OF THE 6TH
Portland Evergreens batting - Pitching for Philadelphia 1776 BC : LHP Carlos Sánchez
Batting: LHB Gabriel Díaz 0-0: Ball
1-0: Ball
2-0: Called Strike
2-1: Ground out 4-3 (Groundball, 34D)
Batting: RHB Silvio Bonauiti 0-0: Ground out 6-3 (Groundball, 56)
Batting: RHB Raúl Delgado 0-0: Foul Ball, location: 2F
0-1: Ball
1-1: Foul Ball, location: 2F
1-2: SINGLE (Groundball, 6MD)
Batting: SHB Eddie Ménard 0-0: Ball
1-0: Foul Ball, location: 2F
1-1: Ball
2-1: Ball
3-1: Foul Ball, location: 2F
3-2: Ground out 4-3 (Groundball, 4)
Bottom of the 6th over - 0 run(s), 1 hit(s), 0 error(s), 1 left on base; Philadelphia 1776 3 - Portland 0
TOP OF THE 7TH
Philadelphia 1776 BC batting - Pitching for Portland Evergreens : RHP Antonio Godfrey
Batting: RHB Jesús Orozco 0-0: Foul Ball, location: 2F
0-1: Fly out, F5 (Line Drive, 5)
Batting: LHB Manoo Satyavrat 0-0: Swinging Strike
0-1: Ball
1-1: Fly out, F9 (Flyball, 9D)
Batting: SHB Jesús Cabañe 0-0: Called Strike
0-1: Hit by Pitch
Batting: RHB John Schnatter 0-0: Ball
1-0: Ball
2-0: Ball
3-0: Base on Balls
Jesús Cabañe to second
Batting: LHB Cliff Aldridge 0-0: Called Strike
0-1: Swinging Strike
0-2: Ball
1-2: Ball
2-2: Ball
3-2: TRIPLE (Flyball, 8RXD)
Jesús Cabañe scores
John Schnatter scores
Batting: RHB António Granados 0-0: Foul Ball, location: 2F
0-1: Ground out 5-3 (Groundball, 5)
Top of the 7th over - 2 run(s), 1 hit(s), 0 error(s), 1 left on base; Philadelphia 1776 5 - Portland 0
BOTTOM OF THE 7TH
Portland Evergreens batting - Pitching for Philadelphia 1776 BC : LHP Carlos Sánchez
Batting: LHB John Ennis 0-0: Called Strike
0-1: Foul Ball, location: 2F
0-2: Foul Ball, location: 2F
0-2: Strikes out swinging
Batting: SHB Chris Williamson 0-0: Ball
1-0: Called Strike
1-1: Swinging Strike
1-2: Strikes out swinging
Batting: RHB Ty Struck 0-0: Called Strike
0-1: Swinging Strike
0-2: Fly out, F7 (Flyball, 78XD)
Bottom of the 7th over - 0 run(s), 0 hit(s), 0 error(s), 0 left on base; Philadelphia 1776 5 - Portland 0
TOP OF THE 8TH
Philadelphia 1776 BC batting - Pitching for Portland Evergreens : RHP Antonio Godfrey
Batting: RHB Dave Morris 0-0: Ball
1-0: Called Strike
1-1: Ball
2-1: Called Strike
2-2: Ball
3-2: Strikes out swinging
Batting: RHB Fernando Rivera 0-0: Ball
1-0: Foul Ball, location: 2F
1-1: Ball
2-1: Ball
3-1: Foul Ball, location: 2F
3-2: Foul Ball, location: 2F
3-2: Fly out, F6 (Line Drive, 56D)
Batting: LHB Tony Vega 0-0: Ball
1-0: Foul Ball, location: 2F
1-1: Ball
2-1: Called Strike
2-2: Foul Ball, location: 2F
2-2: Ball
3-2: SOLO HOME RUN (Flyball, 9LD), Distance : 374 ft
Batting: RHB Jesús Orozco 0-0: Foul Ball, location: 2F
0-1: Ball
1-1: Foul Ball, location: 2F
1-2: Ball
2-2: Ground out 1-3 (Groundball, 13S)
Top of the 8th over - 1 run(s), 1 hit(s), 0 error(s), 0 left on base; Philadelphia 1776 6 - Portland 0
BOTTOM OF THE 8TH
Portland Evergreens batting - Pitching for Philadelphia 1776 BC : LHP Carlos Sánchez
Batting: RHB Darrell Terwey 0-0: Ball
1-0: Called Strike
1-1: Ball
2-1: Called Strike
2-2: Ball
3-2: Strikes out swinging
Batting: LHB Joram Nelen 0-0: Ball
1-0: Swinging Strike
1-1: Ball
2-1: Fly out, F6 (Line Drive, 6M)
Batting: LHB Gabriel Díaz 0-0: Ground out 3-1 (Groundball, 34)
Bottom of the 8th over - 0 run(s), 0 hit(s), 0 error(s), 0 left on base; Philadelphia 1776 6 - Portland 0
TOP OF THE 9TH
Philadelphia 1776 BC batting - Pitching for Portland Evergreens : RHP Antonio Godfrey
Pitching: LHP Ronaldo Rey
Batting: LHB Manoo Satyavrat 0-0: Ball
1-0: Ball
2-0: Called Strike
2-1: Called Strike
2-2: Ball
3-2: Base on Balls
Batting: SHB Jesús Cabañe 0-0: Ball
1-0: Ball
2-0: Called Strike
Manoo Satyavrat is caught stealing 2nd base
2-1: Called Strike
2-2: Foul Ball, location: 2F
2-2: Ball
3-2: SINGLE (Line Drive, 7LM)
Batting: RHB John Schnatter 0-0: Ball
1-0: Foul Ball, location: 2F
1-1: Ball
2-1: Swinging Strike
2-2: Hit by Pitch
Jesús Cabañe to second
Batting: LHB Cliff Aldridge 0-0: Fly out, F8 (Flyball, 8RD)
Runner from 2nd tags up, SAFE at 3rd, no throw
Batting: RHB António Granados 0-0: Fielders Choice at 2nd, 6-4 (Groundball, 6)
Top of the 9th over - 0 run(s), 1 hit(s), 0 error(s), 1 left on base; Philadelphia 1776 6 - Portland 0
BOTTOM OF THE 9TH
Portland Evergreens batting - Pitching for Philadelphia 1776 BC : LHP Carlos Sánchez
Batting: RHB Silvio Bonauiti 0-0: Called Strike
0-1: Ball
1-1: Ground out 6-3 (Groundball, 6)
Batting: RHB Raúl Delgado 0-0: Foul Ball, location: 2F
0-1: Fly out, F7 (Flyball, 78D)
Batting: SHB Eddie Ménard 0-0: Ball
1-0: Ground out 5-3 (Groundball, 56)
Bottom of the 9th over - 0 run(s), 0 hit(s), 0 error(s), 0 left on base; Philadelphia 1776 6 - Portland 0
Saturday, May 26th, 2018 - OOTP Baseball 17.12 Build 75